 Dungeon Crawl Stone Soup version 0.30.1-9-gdf580d7c3d (webtiles) character file.

Game seed: 17334339881777130288

48206 Woods the Grappler (level 14, -3/150 (159) HPs)
             Began as a Naga Transmuter on Oct 21, 2023.
             Was the Champion of Cheibriados.
             Killed from afar by an orc sorcerer (12 damage)
             ... with a bolt of negative energy
             ... while paralysed by an orc sorcerer
             ... on level 2 of the Orcish Mines.
             The game lasted 00:59:26 (24908 turns).

Woods the Grappler (Naga Transmuter)               Turns: 24908, Time: 00:59:27

HP:   -3/150 (159)  AC: 14    Str: 28    XL:     14   Next: 45%
MP:   25/26         EV:  1    Int: 33    God:    Cheibriados [******]
Gold: 1612          SH:  0    Dex: 27    Spells: 16/29 levels left

rFire   x .          .
                       - Unarmed
rCold   + + +        (shield currently unavailable)
rNeg    . . .        a - melded +0 robe
rPois   +            w - melded +0 helmet
rElec   .            P - melded +0 cloak
rCorr   .            H - melded +0 pair of gloves
SInv    +            (no barding)
Will    +....        t - amulet of the acrobat
Stlth   +++++        d - +5 ring of evasion
HPRegen 0.45/turn    R - +4 ring of protection
MPRegen 0.20/turn

%: acrobat
@: paralysed, ice-form, studying Fire Magic, drained, very slow
A: freezing attack, amphibious, boosted hp, AC +4, large, see invisible,
(deformed body), (poison resistance), (slowness 2), spit poison 1, (naga tail 2)
a: Spit Poison, End Transformation, Renounce Religion, Bend Time, Temporal
Distortion, Slouch, Step From Time


You were on level 2 of the Orcish Mines.
You worshipped Cheibriados.
Cheibriados was exalted by your worship.
You were a creature of crystalline ice.
You visited 4 branches of the dungeon, and saw 21 of its levels.

You collected 1715 gold pieces.
You spent 103 gold pieces at shops.

Inventory:

Hand Weapons
 c - a +0 hand axe of flaming
Missiles
 S - a throwing net
Armour
 a - a +0 robe (melded)
 w - a +0 helmet (melded)
 H - a +0 pair of gloves (melded)
 I - +0 acid dragon scales
 P - a +0 cloak (melded)
Jewellery
 d - a +5 ring of evasion (left front paw)
 k - a ring of positive energy
 s - an amulet of regeneration
 t - an amulet of the acrobat (around neck)
 G - a ring of protection from fire
 M - a ring of positive energy
 R - a +4 ring of protection (right front paw)
 T - a +6 ring of intelligence
 X - a ring of fire
Wands
 m - a wand of paralysis (15)
 p - a wand of flame (30)
 E - a wand of digging (7)
 F - a wand of acid (18)
 O - a wand of polymorph (3)
 Q - a wand of mindburst (15)
 Y - a wand of iceblast (3)
Scrolls
 g - 2 scrolls of silence {unknown}
 h - 2 scrolls of fog {unknown}
 j - 2 scrolls of enchant armour
 l - a scroll of butterflies
 n - 3 scrolls of amnesia
 o - 2 scrolls of brand weapon {unknown}
 v - 4 scrolls of blinking
 x - 4 scrolls of magic mapping
 y - 3 scrolls of vulnerability
 A - 4 scrolls of immolation
 B - 2 scrolls of fear {unknown}
 K - 2 scrolls of enchant weapon {unknown}
 L - 2 scrolls of noise {unknown}
 N - 4 scrolls of poison
 U - 3 scrolls of teleportation
Potions
 b - 4 potions of lignification
 e - 5 potions of attraction
 f - 7 potions of curing
 i - 2 potions of heal wounds
 q - a potion of mutation {unknown}
 r - a potion of berserk rage {unknown}
 u - 3 potions of flight
 z - 2 potions of degeneration {unknown}
 C - 2 potions of resistance {unknown}
 D - 2 potions of cancellation {unknown}
 J - a potion of invisibility {unknown}
 V - a potion of brilliance
 W - a potion of ambrosia {unknown}


   Skills:
 + Level 10.8 Fighting
 + Level 10.0 Dodging
 - Level 11.0 Stealth
 + Level 13.9 Unarmed Combat
 - Level 8.0 Spellcasting
 - Level 6.0 Transmutations
 - Level 3.0 Ice Magic
 - Level 3.0 Poison Magic
 - Level 6.0 Invocations


You had 16 spell levels left.
You knew the following spells:

 Your Spells              Type           Power      Damage    Failure   Level
a - Beastly Appendage     Tmut           100%       N/A       1%          1
b - Wereblood             Tmut           51%        N/A       1%          2
c - Spider Form           Tmut/Pois      42%        N/A       1%          3
d - Ozocubu's Armour      Ice            33%        N/A       3%          3
e - Ice Form              Ice/Tmut       42%        N/A       5%          4

Your spell library contained the following spells:

 Spells                   Type           Power      Damage    Failure   Level
 Sting                    Tmut/Pois      100%       1d8       1%          1
 Poisonous Vapours        Pois/Air       46%        N/A       2%          2
 Magic Dart               Conj           52%        1d5       3%          1
 Shock                    Conj/Air       52%        1d6       3%          1
 Slow                     Hex            52%        N/A       3%          1
 Cigotuvi's Dreadful Rot  Necr/Pois/Air  38%        N/A       3%          2
 Ignite Poison            Fire/Tmut/Pois 33%        N/A       3%          3
 Blink                    Tloc           26%        N/A       5%          2
 Searing Ray              Conj           26%        2d5       5%          2
 Sublimation of Blood     Necr           13%        N/A       5%          2
 Hailstorm                Conj/Ice       23%        3d7       5%          3
 Olgreb's Toxic Radiance  Pois           33%        N/A       10%         4
 Petrify                  Tmut/Erth      33%        N/A       10%         4
 Confusing Touch          Hex            13%        N/A       11%         3
 Swiftness                Air            13%        N/A       11%         3
 Vampiric Draining        Necr           13%        2d6       11%         3
 Irradiate                Conj/Tmut      16%        3d17      28%         5
 Airstrike                Air            6%         2d(1-17)  34%         4
 Anguish                  Hex/Necr       6%         N/A       34%         4
 Cause Fear               Hex            6%         N/A       34%         4
 Fulminant Prism          Conj/Hex       6%         3d7       34%         4
 Manifold Assault         Tloc           13%        N/A       34%         4
 Freezing Cloud           Conj/Ice/Air   9%         6-21      54%         5
 Simulacrum               Ice/Necr       11%        N/A       96%         6
 Enfeeble                 Hex            6%         N/A       100%        7
 Ozocubu's Refrigeration  Ice            16%        4d11      100%        7
 Storm Form               Tmut/Air       16%        N/A       100%        7
 Summon Hydra             Summ           6%         N/A       100%        7


Dungeon Overview and Level Annotations

Branches:
Dungeon (13/15)            Temple (1/1) D:5            Lair (5/5) D:10
  Swamp (0/4) Lair:3        Snake (0/4) Lair:3        Slime (0/5) Lair:5
    Orc (2/2) D:10            Elf (0/3) Orc:2
 Vaults: D:13-14

Altars:
Ashenzari
Cheibriados
Dithmenos
Elyvilon
Fedhas
Gozag
Hepliaklqana
Kikubaaqudgha
Makhleb
Nemelex Xobeh
Okawaru
Qazlal
Ru
Sif Muna
Trog
Uskayaw
Vehumet
Wu Jian
Xom
Yredelemnul
Zin
The Shining One
Jiyva

Shops:
D:6 (   D:7 =

Portals:
Abyss: Orc:1

Annotations:
D:9 exclusion: gargoyle
Lair:2 exclusion: oklob plant
Lair:4 1 runed translucent door
Lair:5 exclusion: door
Orc:1 2 transporters, Laveh's ghost, journeyman MiBe


Innate Abilities, Weirdness & Mutations

You are a creature of crystalline ice.
You have a powerful freezing melee attack.
You are amphibious.
Your maximum health is increased.
Your armour is entirely melded.
You are incapable of wielding weapons or throwing items.
((Your serpentine skin is tough. (AC +4)))
You have supernaturally acute eyesight. (SInv)
((Armour fits poorly on your strangely shaped body.))
((Your system is resistant to poisons. (rPois)))
((You cover ground very slowly.))
You can spit poison.
((You can use your snake-like lower body to constrict enemies.))


Message History

Items here: )) [[ †.
You barely miss the orc knight.
The orc knight is lightly wounded.
The orc sorcerer hits you with a +2 dagger of distortion.
Space warps horribly around you!!
The orc knight hits you with a +0 great mace.
The orc warrior hits you from afar with a +0 trident.
The orc high priest shouts!
You pummel the orc knight!! You freeze the orc knight!
The orc knight is severely wounded.
The orc high priest prays to Beogh.
The orc sorcerer hits you but does no damage.
Space warps horribly around you!
The orc knight hits you with a +0 great mace!
The orc warrior closely misses you.
You punch the orc sorcerer! You freeze the orc sorcerer.
The orc sorcerer is moderately wounded.
The orc high priest invokes the aid of Beogh against you.
Beogh smites you! The orc sorcerer casts a spell at you.
You suddenly lose the ability to move!
The orc knight hits you with a +0 great mace!
The orc warrior completely misses you.
The orc knight hits you with a +0 great mace!!
The orc warrior hits you from afar with a +0 trident.
The orc sorcerer casts a spell at you. The bolt of negative energy hits you!!
You feel drained.
* * * LOW HITPOINT WARNING * * *
The orc knight hits you but does no damage.
The orc warrior hits you but does no damage.
The orc high priest mumbles some strange prayers to Beogh.
The orc sorcerer casts a spell at you. You resist with almost no effort.
The orc warrior hits you from afar with a +0 trident!
* * * LOW HITPOINT WARNING * * *
The orc knight hits you with a +0 great mace!
* * * LOW HITPOINT WARNING * * *
The orc sorcerer casts a spell at you. The bolt of negative energy hits you!
You feel drained.
You die...

#...... ##...... ###### #.......
#### #.....# #..#.... ##..###
###....... ##...... ##.....##
#......... ##...#. ........###
##.......÷. ##....
.....#....####......°o.. #.....
......#....##.).Yo...... ##.....
......##..###...#oo...÷. #......
...........#.))##.÷.÷..# ##.....
.##........#..)###..###### ##.##.
##......#..#..).#####....# ##)##.
...........##.....#####.## #..)..
........#...##...........####.##.
.......#...#.##.........#)##.####
..............###))....).))).....


You could see an orc knight, an orc high priest (strong), an orc sorcerer
(strong) and an orc warrior (strong).

Vanquished Creatures
  Rupert (Lair:3)
  2 catoblepae (Lair:2)
  A two-headed ogre (D:9)
  2 orc high priests (Orc:2)
  A skyshark (Lair:5)
  A wolf spider (Lair:5)
  Pikel (D:8)
  4 orc knights
  The ghost of middlethird the Grappler, a novice VSTm (D:7)
  2 orc sorcerers (Orc:2)
  A salamander (Lair:3)
  16 elephants
  Maurice (D:11)
  3 cyclopes
  A guardian serpent (Lair:5)
  A torpor snail (Lair:5)
  10 black mambas
  10 cane toads
  Psyche (D:8)
  A rime drake (Lair:5)
  Maggie (D:8)
  3 kobold demonologists
  11 komodo dragons
  3 hornets (Lair:5)
  6 trolls
  3 polar bears
  A vampire (D:10)
  A wraith (D:10)
  21 wyverns
  31 yaks
  2 redbacks (Lair:5)
  6 vampire mosquitoes (Lair:3)
  4 basilisks
  2 wargs (Orc:2)
  20 water moccasins
  Duvessa (D:7)
  A black bear (D:10)
  A sky beast (D:5)
  18 orc warriors
  13 wolves
  5 ogres
  2 lemures
  2 centaurs
  A phantom (D:4)
  4 kobold brigands
  10 bullfrogs
  2 gnoll sergeants
  A scorpion (D:5)
  Dowan (D:7)
  8 wights
  3 killer bees (D:9)
  4 howler monkeys
  2 lava snakes (Lair:3)
  5 hounds
  8 jellies
  16 orc priests
  A gnoll bouda (D:4)
  4 iguanas
  3 sleepcaps
  Ijyb (D:3)
  18 orc wizards
  Robin (D:4)
  13 gnolls
  11 adders
  A shadow imp (D:6)
  2 white imps (D:5)
  2 worms
  4 dart slugs
  62 orcs
  11 ball pythons
  25 endoplasms
  2 giant cockroaches
  8 hobgoblins
  5 quokkas
  5 bats
  3 frilled lizards
  21 goblins
  16 kobolds
  2 rats
505 creatures vanquished.

Vanquished Creatures (others)
  An orc wizard (Orc:2)
1 creature vanquished.

Grand Total: 506 creatures vanquished

Notes
Turn   | Place    | Note
-------+----------+-------------------------------------------
     0 | D:1      | Woods the Naga Transmuter began the quest for the Orb.
     0 | D:1      | Reached XP level 1. HP: 18/18 MP: 3/3
   151 | D:1      | Reached skill level 1 in Stealth
   169 | D:1      | Reached XP level 2. HP: 24/25 MP: 3/5
   458 | D:1      | Reached XP level 3. HP: 31/31 MP: 3/6
   749 | D:1      | Found a faded altar of an unknown god.
  1210 | D:2      | Learned a level 2 spell: Wereblood
  1214 | D:2      | Learned a level 3 spell: Spider Form
  1544 | D:2      | Reached skill level 1 in Poison Magic
  1544 | D:2      | Reached XP level 4. HP: 38/38 MP: 5/7
  2231 | D:3      | Reached XP level 5. HP: 40/45 MP: 8/8
  2474 | D:3      | Noticed Ijyb
  2493 | D:3      | Killed Ijyb
  2830 | D:3      | Identified the +4 mace of Summertime {heavy, rElec}
  3183 | D:3      | Reached XP level 6. HP: 18/52 MP: 9/9
  3608 | D:4      | Found a radiant altar of Vehumet.
  3788 | D:4      | Noticed Robin
  3807 | D:4      | Killed Robin
  3911 | D:4      | Reached skill level 5 in Stealth
  4137 | D:4      | Reached skill level 4 in Unarmed Combat
  4137 | D:4      | Reached XP level 7. HP: 40/61 MP: 11/11
  5500 | D:5      | Entered Level 5 of the Dungeon
  5820 | D:5      | Learned a level 3 spell: Ozocubu's Armour
  6068 | D:4      | Reached XP level 8. HP: 58/70 MP: 12/12
  6302 | D:5      | Found a stormy altar of Qazlal.
  6315 | D:5      | Reached skill level 5 in Unarmed Combat
  6341 | D:5      | Found a staircase to the Ecumenical Temple.
  6351 | Temple   | Entered the Ecumenical Temple
  6618 | Temple   | Became a worshipper of Cheibriados the Contemplative
  7181 | D:6      | Reached * piety under Cheibriados
  7563 | D:6      | Found Xoijuo's Hydra Hut.
  7564 | D:6      | Noticed an eight-headed hydra
  7568 | D:6      | Bought a +0 hand axe of flaming for 103 gold pieces
  7876 | D:6      | Found a hide-covered altar of Uskayaw.
  7877 | D:6      | Found a shadowy altar of Dithmenos.
  7881 | D:6      | Found a glowing silver altar of Zin.
  7943 | D:6      | Reached skill level 5 in Fighting
  8043 | D:6      | Reached skill level 6 in Unarmed Combat
  8053 | D:6      | HP: 5/111 [gnoll sergeant/+4 trident of venom (2)]
  8531 | D:7      | Noticed Duvessa
  8531 | D:7      | Noticed Dowan
  8544 | D:7      | Killed Duvessa
  8545 | D:7      | Reached XP level 9. HP: 60/81 MP: 10/13
  8563 | D:7      | Killed Dowan
  8564 | D:7      | Reached skill level 5 in Dodging
  8637 | D:7      | Found a bloodstained altar of Trog.
  8699 | D:7      | Reached skill level 7 in Unarmed Combat
  8791 | D:7      | Found an ornate altar of the Wu Jian Council.
  8832 | D:7      | Reached ** piety under Cheibriados
  8949 | D:7      | Found a runed translucent door.
  8954 | D:7      | Noticed middlethird's ghost (novice VSTm)
  9056 | D:7      | Reached skill level 8 in Unarmed Combat
  9207 | D:7      | Reached skill level 1 in Ice Magic
  9235 | D:7      | Found Peurattiez's Jewellery Boutique.
 10065 | D:8      | Noticed Maggie
 10135 | D:8      | Killed Maggie
 10378 | D:8      | Noticed Pikel
 10420 | D:8      | Killed Pikel
 10421 | D:8      | Reached skill level 5 in Spellcasting
 10642 | D:8      | Reached XP level 10. HP: 81/91 MP: 14/17
 10655 | D:8      | Reached skill level 9 in Unarmed Combat
 10981 | D:8      | Noticed Psyche
 11028 | D:8      | Killed Psyche
 11028 | D:8      | Reached *** piety under Cheibriados
 11938 | D:9      | Noticed a two-headed ogre
 11948 | D:9      | Killed a two-headed ogre
 11949 | D:9      | Reached skill level 10 in Unarmed Combat
 12089 | D:9      | Noticed a gargoyle
 12603 | D:9      | Reached XP level 11. HP: 103/103 MP: 15/18
 12911 | D:9      | Noticed a soul eater
 12911 | D:9      | Noticed a sun demon
 13137 | D:9      | Reached **** piety under Cheibriados
 13340 | D:10     | Entered Level 10 of the Dungeon
 13472 | D:10     | Found a staircase to the Orcish Mines.
 13472 | D:10     | Identified the +3 long sword of Zuyptihi {freeze, Int+3}
 13728 | D:10     | Found a staircase to the Lair.
 13740 | D:10     | Reached skill level 11 in Unarmed Combat
 14336 | D:11     | Noticed a cyclops
 14417 | D:11     | You fall into a shaft and drop 2 floors!
 14434 | D:11     | Noticed Maurice
 14446 | D:11     | Killed Maurice
 14714 | D:11     | Killed a cyclops
 14839 | D:11     | Noticed a cyclops
 14845 | D:11     | Killed a cyclops
 15000 | D:11     | Identified the +6 long sword of Myos Dod {vamp, rN++}
 15246 | D:11     | Noticed a cyclops
 15558 | D:7      | Killed middlethird's ghost
 15646 | Lair:1   | Entered Level 1 of the Lair of Beasts
 15748 | Lair:1   | Learned a level 4 spell: Ice Form
 16096 | Lair:1   | Reached skill level 12 in Unarmed Combat
 16111 | Lair:1   | Reached XP level 12. HP: 82/110 MP: 19/19
 16625 | Lair:2   | Reached ***** piety under Cheibriados
 17030 | Lair:2   | Noticed a catoblepas
 17045 | Lair:2   | Killed a catoblepas
 17046 | Lair:2   | Reached skill level 5 in Transmutations
 17176 | Lair:2   | Noticed a catoblepas
 17194 | Lair:2   | Killed a catoblepas
 18631 | Lair:3   | Found a staircase to the Swamp.
 18910 | Lair:3   | Found a staircase to the Snake Pit.
 18936 | Lair:3   | Reached skill level 1 in Invocations
 19171 | Lair:3   | Noticed Rupert
 19208 | Lair:3   | Killed Rupert
 19512 | Lair:3   | Gained mutation: You can use your snake-like lower body to
                  | constrict enemies. [Naga growth]
 19512 | Lair:3   | Reached XP level 13. HP: 118/118 MP: 21/25
 19584 | Lair:3   | Reached skill level 10 in Stealth
 20022 | Lair:4   | Reached ****** piety under Cheibriados
 20852 | Lair:4   | Found a runed translucent door.
 21153 | Lair:5   | Entered Level 5 of the Lair of Beasts
 21503 | Lair:5   | Found a staircase to the Slime Pits.
 21530 | Lair:5   | Found a viscous altar of Jiyva.
 21896 | Lair:5   | Reached skill level 5 in Invocations
 21958 | Lair:5   | Reached skill level 13 in Unarmed Combat
 22528 | Lair:5   | Reached XP level 14. HP: 130/130 MP: 20/26
 22563 | Lair:5   | Reached skill level 10 in Fighting
 23196 | Lair:5   | Identified the +4 dagger "Lelytt" {chaos, Str+3}
 23626 | Orc:1    | Entered Level 1 of the Orcish Mines
 23804 | Orc:2    | Entered Level 2 of the Orcish Mines
 23900 | Orc:2    | Found a staircase to the Elven Halls.
 24002 | Orc:1    | Found a transporter.
 24026 | Orc:1    | Found a transporter.
 24028 | Orc:1    | Noticed Laveh's ghost (journeyman MiBe)
 24040 | Orc:1    | Found a one-way gate to the infinite horrors of the Abyss.
 24807 | Orc:2    | Reached skill level 10 in Dodging
 24905 | Orc:2    | Paralysed by an orc sorcerer for 3 turns
 24908 | Orc:2    | Killed from afar by an orc sorcerer

Illustrated notes

Levels and vault maps discovered:
D:1:      dpeg_arrival_boxorama, layout_basic, basic_ecumenical_altar,
          dreamdust_mushroom_princess, nicolae_wormholes
D:2:      layout_loops_corners
D:3:      layout_rooms, minmay_pentomino_pile, uniq_ijyb
D:4:      cheibrodos_barr_body, layout_cave_pods, marbit_many_paths, uniq_robin
D:5:      layout_gridville, nicolae_qazlal_beasts_of_the_sky, temple_statues
D:6:      layout_basic, minitemple, doesnt_shop_hydraphobe
D:7:      layout_loops_ring, mainiacjoe_overflow_large_starburst,
          gammafunk_ghost_grave, kennysheep_cross_bottleneck,
          nicolae_inconvenience_store, kennysheep_generic_room_6, uniq_duvessa
D:8:      layout_basic, uniq_psyche, uniq_pikel, uniq_maggie
D:9:      layout_stronghold
D:10:     layout_long_grid, david_lair_generic, orc_0_dummy,
          kennysheep_generic_room_12
D:11:     layout_irregular_city, uniq_grum, uniq_maurice
D:12:     nzn_winding_woodlands_large [nzn_winding_woodlands_5x5_open_star,
          nzn_winding_woodlands_5x15_zeroes, nzn_winding_woodlands_5x5_default,
          nzn_winding_woodlands_center_pierced_h,
          nzn_winding_woodlands_15x15_boxy_spiral,
          nzn_winding_woodlands_center_garden,
          nzn_winding_woodlands_5x5_perimeter,
          nzn_winding_woodlands_5x15_sidewinder,
          nzn_winding_woodlands_5x5_three], layout_irregular_city
D:13:     minmay_statue_hallways, layout_long_grid,
          hangedman_vaults_entry_quadrant_bands,
          portal_ice_cave_entry_pillars_1, lemuel_flame_loot_1
Temple:   regret_index_temple_generic_petals
Lair:1:   layout_long_grid
Lair:2:   lemuel_slime, layout_long_grid, grunt_megastairs_1
Lair:3:   layout_chaotic_city, minmay_swamp_entry_swarm,
          nicolae_snake_entry_warm_welcome, uniq_rupert
Lair:4:   dreamdust_labyrinth, layout_cave_pods
Lair:5:   hangedman_lair_tendril_chambers, layout_misc_corridors,
          nicolae_slime_entry_field_trip, chequers_serial_rivers_micro_b,
          grunt_forest_large_clearing_hut
Orc:1:    layout_diamond_mine, gammafunk_ghost_abyssal_escape
Orc:2:    grunt_orc_tribal_feast, layout_caves

Skill      XL: |  1  2  3  4  5  6  7  8  9 10 11 12 13 14 |
---------------+-------------------------------------------+-----
Stealth        | 1 2 3 4 5 6 7 9 11 | 11.0
Poison Magic   | 1 2 3 |  3.0
Dodging        | 2 3 4 5 7 8 9 10 | 10.0
Fighting       | 2 3 5 6 8 9 10 | 10.8
Unarmed Combat | 4 6 8 10 12 13 | 13.9
Spellcasting   | 3 5 8 |  8.0
Transmutations | 3 6 |  6.0
Ice Magic      | 2 3 |  3.0
Invocations    | 2 6 |  6.0

Action                     |  1- 3 |  4- 6 |  7- 9 | 10-12 | 13-15 || total
---------------------------+-------+-------+-------+-------+-------++-------
  Melee: Unarmed           |    78 |   197 |   418 |   533 |   491 ||  1717
         Headbutt          |     7 |    27 |    26 |       |       ||    60
         Punch             |       |     2 |     6 |     2 |     2 ||    12
         Constrict         |       |       |       |       |     2 ||     2
   Cast: Beastly Appendage |    28 |    32 |    29 |     1 |     4 ||    94
         Spider Form       |       |     2 |    38 |    72 |    48 ||   160
         Wereblood         |       |     1 |     1 |     3 |     1 ||     6
         Ozocubu's Armour  |       |       |       |       |     9 ||     9
         Ice Form          |       |       |       |       |    13 ||    13
Ability: Spit Poison       |    14 |    21 |    19 |    22 |     6 ||    82
         End Transformatio |       |     1 |     1 |     3 |     1 ||     6
    Use: Scroll            |       |     3 |     3 |     2 |     8 ||    16
         Potion            |       |       |     2 |       |       ||     2
   Stab: Sleeping          |     5 |     2 |     4 |     8 |    11 ||    30
         Distracted        |       |       |       |       |     2 ||     2
 Armour: Robe              |     4 |    16 |    17 |     7 |     6 ||    50
         Skin              |       |       |    11 |    15 |    44 ||    70
  Dodge: Dodged            |    47 |   150 |   391 |   647 |   651 ||  1886
